 Dungeon Crawl Stone Soup version 0.30-a0-715-gdb4ae3ece1 (webtiles) character file.

Game seed: 9053773541764026923

4681 Aneyh the Cleaver (level 10, -2/66 HPs)
             Began as a Tengu Monk on Jan 24, 2023.
             Was an Elder of Hepliaklqana.
             Slain by a kobold brigand
             ... wielding a +0 short sword
              (8 damage)
             ... on level 9 of the Dungeon.
             The game lasted 00:16:08 (8115 turns).

Aneyh the Cleaver (Tengu Monk)                      Turns: 8115, Time: 00:16:09

Health: -2/66      AC:  6    Str: 17    XL:     10   Next: 44%
Magic:  11/11      EV: 20    Int: 10    God:    Hepliaklqana [****..]
Gold:   540        SH:  0    Dex: 16    Spells: 9/9 levels left

rFire   . . .      SeeInvis .    h - +1 war axe (heavy)
rCold   . . .      Faith    .    (no shield)
rNeg    + . .      Spirit   .    O - +0 steam dragon scales
rPois   .          Reflect  .    (helmet restricted)
rElec   .          Harm     .    (no cloak)
rCorr   .          Rampage  .    (no gloves)
Will    .....                    (boots unavailable)
Stlth   ++                       (no amulet)
HPRegen 0.31/turn                d - ring of positive energy
MPRegen 0.12/turn                (no ring)

@: flying quickly and evasively, quick
A: reduced essence, beak, talons 3, nimble flight, robust 1, shaggy fur 1
a: Renounce Religion, Recall Ancestor, Ancestor Identity, Transference, Idealise


You were on level 9 of the Dungeon.
You worshipped Hepliaklqana.
Hepliaklqana was greatly pleased with you.
You visited 1 branch of the dungeon, and saw 9 of its levels.
You also visited: Sewer.

You collected 540 gold pieces.

Inventory:

Hand Weapons
 h - a +1 heavy war axe (weapon)
 i - a +2 short sword of venom
 t - a +0 scimitar
 D - a +0 quarterstaff of draining
 E - a +2 flail of holy wrath
 G - a +2 spear of freezing
 J - a +4 hand axe
 M - a +1 antimagic war axe
 Q - a +0 spear of flaming
Missiles
 k - 2 throwing nets
 m - 10 boomerangs (quivered)
 F - 7 poisoned darts
 N - 7 javelins
Armour
 g - a +0 ring mail
 O - +0 steam dragon scales (worn)
Jewellery
 d - a ring of positive energy (left hand)
 K - a ring of see invisible
Wands
 C - a wand of polymorph (12)
 R - a wand of roots (6)
 S - a wand of flame (14)
Scrolls
 a - a scroll of identify
 c - a scroll of blinking {unknown}
 l - a scroll of poison {unknown}
 n - 3 scrolls of amnesia
 r - 2 scrolls of noise {unknown}
 v - a scroll of fear {unknown}
 w - 2 scrolls of fog {unknown}
 A - 5 scrolls of immolation {unknown}
 B - a scroll of teleportation
 H - 3 scrolls of summoning {unknown}
 P - a scroll of enchant armour {unknown}
Potions
 e - 2 potions of mutation
 o - a potion of magic {unknown}
 p - 2 potions of brilliance
 q - a potion of haste {unknown}
 s - 4 potions of attraction
 u - a potion of curing
 x - a potion of resistance
 z - 2 potions of lignification
 I - a potion of heal wounds {unknown}
 L - a potion of cancellation {unknown}


   Skills:
 - Level 9.0 Fighting
 + Level 10.4(10.8) Axes
 - Level 4.2(7.9) Maces & Flails
 - Level 9.0 Dodging
 - Level 2.0 Stealth


You had 9 spell levels left.
You didn't know any spells.
Your spell library contained the following spells:

 Spells                   Type           Power      Damage    Failure   Level
 Magic Dart               Conj           0%         1d3       36%         1
 Shock                    Conj/Air       0%         1d3       36%         1
 Slow                     Hex            0%         N/A       36%         1
 Confusing Touch          Hex            0%         N/A       75%         3
 Swiftness                Air            0%         N/A       75%         3
 Vampiric Draining        Necr           0%         2d6       75%         3
 Airstrike                Air            0%         2d(0-16)  98%         4
 Leda's Liquefaction      Hex/Erth       0%         N/A       98%         4
 Lee's Rapid Deconstruct  Erth           0%         3d4*      100%        5
 Statue Form              Tmut/Erth      0%         N/A       100%        6


Dungeon Overview and Level Annotations

Branches:
Dungeon (9/15)             Temple (0/1) D:6            Lair (0/5) D:9
  Sewer (visited)
    Orc: D:9-12

Altars:
Ashenzari
Cheibriados
Dithmenos
Elyvilon
Fedhas
Gozag
Hepliaklqana
Kikubaaqudgha
Makhleb
Nemelex Xobeh
Okawaru
Qazlal
Ru
Sif Muna
Trog
Uskayaw
Vehumet
Xom
Yredelemnul
Zin

Portals:
Abyss: D:5

Annotations:
D:5 1 transporter, Darius099's ghost, novice GrFi
D:7 4 runed translucent doors, exclusion: oklob plant


Innate Abilities, Weirdness & Mutations

Your life essence is reduced to manifest your ancestor. (-10% HP)
You have a beak for a mouth.
You have claws for feet.
Your magical nature lets you fly swiftly and evasively.
You are robust. (+10% HP)
You are covered in fur. (AC +1)


Message History

a +0 ring mail; a +0 trident
There is a stone staircase leading up here.
You fly upwards.
There is a stone staircase leading down here.
You start resting.
Eshargamelat emerges from the mists of memory!
You start resting.
HP restored.
You fly downwards.
The orc priest invokes the aid of Beogh against you.
Beogh smites you! The orc closely misses you.
The orc warrior hits you from afar with a +0 trident!
The kobold brigand throws a poisoned dart.
The poisoned dart barely misses you.
There is a stone staircase leading up here.
You slice the orc!!
You kill the orc!
The orc warrior closely misses you.
The orc warrior hits you with a +0 trident!
The troll completely misses you. x2; The troll claws you.
Eshargamelat hits the orc warrior with a +0 quarterstaff!!
The orc warrior dies!
The orc priest closely misses you.
You hit the troll.
The troll is lightly wounded.
The troll bites you! The troll claws you.
* * * LOW HITPOINT WARNING * * *
The troll barely misses you.
Eshargamelat hits the troll with a +0 quarterstaff!!
The orc priest calls down the wrath of Beogh upon you.
Beogh smites you!
* * * LOW HITPOINT WARNING * * *
The kobold brigand hits Eshargamelat with a +0 short sword.
The troll bites Eshargamelat!
The troll claws Eshargamelat!
The troll claws Eshargamelat.
Eshargamelat is destroyed!
There is a stone staircase leading up here.
The orc priest misses you.
The kobold brigand hits you with a +0 short sword!
You die...

##### #...#
#...#######.
#...#.......
#.@.#......#
###TK......).#
#..oo........#
#.#..........#
######.#..........#
#......##[).......#
#......##.#.......#
#.....##.)#††######
##....>#..#...)#


You could see a troll, a kobold brigand, an orc priest and an orc.

Vanquished Creatures
  A wyvern (D:8)
  2 water moccasins
  An ice beast (D:6)
  2 sky beasts
  2 wolves (D:9)
  An ogre (D:4)
  A centaur (D:9)
  A kobold brigand (D:7)
  A necrophage (D:6)
  4 bullfrogs
  2 scorpions
  2 gnoll sergeants
  5 wights
  2 killer bees (D:8)
  6 howler monkeys
  2 hounds
  4 orc priests
  A gnoll bouda (D:6)
  2 iguanas
  An orc wizard (D:3)
  A hell rat (Sewer)
  9 gnolls
  6 adders
  2 river rats (D:4)
  A white imp (D:6)
  2 worms
  3 dart slugs
  16 orcs
  5 endoplasms
  6 giant cockroaches
  2 goblins
  4 hobgoblins
  2 jackals (D:1)
  2 quokkas (D:2)
  7 ball pythons
  6 bats
  6 frilled lizards
  4 kobolds
  6 rats
133 creatures vanquished.

Vanquished Creatures (collateral kills)
  A hornet (D:6)
  A vampire (D:9)
  2 steam dragons
  Edmund (D:6)
  A water moccasin (D:6)
  2 orc warriors
  An ogre (D:5)
  3 bullfrogs
  3 wights (D:8)
  3 killer bees (D:8)
  3 hounds
  An orc priest (D:8)
  A jelly (D:6)
  2 iguanas
  4 orc wizards (D:8)
  4 gnolls
  2 river rats (Sewer)
  A worm (D:5)
  7 orcs
  A goblin (D:3)
  A hobgoblin (D:4)
  2 kobolds
  A ball python (D:4)
  3 frilled lizards (D:5)
  2 rats (Sewer)
53 creatures vanquished.

Vanquished Creatures (others)
  4 battlemagi
  2 bushes (D:8)
  8 plants
14 creatures vanquished.

Grand Total: 200 creatures vanquished

Notes
Turn   | Place    | Note
-------+----------+-------------------------------------------
     0 | D:1      | Aneyh the Tengu Monk began the quest for the Orb.
     0 | D:1      | Reached XP level 1. HP: 14/14 MP: 2/2
   254 | D:1      | Reached XP level 2. HP: 19/19 MP: 3/3
   905 | D:2      | Reached skill level 1 in Axes
   905 | D:2      | Reached XP level 3. HP: 21/23 MP: 4/4
  1396 | D:2      | Reached skill level 2 in Axes
  1593 | D:3      | Found an opulent altar of Gozag.
  1615 | D:3      | Reached skill level 3 in Axes
  1615 | D:3      | Reached XP level 4. HP: 11/28 MP: 5/5
  1700 | D:3      | Reached skill level 4 in Axes
  1700 | D:3      | Gained mutation: Your magical nature lets you fly swiftly
                  | and evasively. [Tengu growth]
  1700 | D:3      | Reached XP level 5. HP: 11/32 MP: 6/6
  2108 | D:3      | Found a shimmering altar of Xom.
  2109 | D:3      | Found a hazy altar of Hepliaklqana.
  2110 | D:3      | Noticed a spectral ugly thing
  2185 | D:3      | Became a worshipper of Hepliaklqana the Forgotten
  2185 | D:3      | Reached * piety under Hepliaklqana
  2185 | D:3      | Reached ** piety under Hepliaklqana
  2186 | D:3      | Remembered your ancestor Eshargamelat as a battlemage
  2362 | D:4      | Reached skill level 5 in Axes
  2452 | D:4      | Reached XP level 6. HP: 24/33 MP: 7/7
  2511 | D:4      | Found a glowing drain.
  2519 | Sewer    | Entered a sewer
  2532 | Sewer    | Reached skill level 6 in Axes
  2968 | D:5      | Entered Level 5 of the Dungeon
  2973 | D:5      | Reached XP level 7. HP: 35/36 MP: 8/8
  3074 | D:5      | Found a transporter.
  3083 | D:5      | Noticed an ancient zyme
  3097 | D:5      | Found a transporter.
  3115 | D:5      | Reached *** piety under Hepliaklqana
  3130 | D:5      | Found a one-way gate to the infinite horrors of the Abyss.
  3130 | D:5      | Noticed Darius099's ghost (novice GrFi)
  3289 | D:5      | Found a shadowy altar of Dithmenos.
  3364 | D:5      | Found a sparkling altar of Nemelex Xobeh.
  3364 | D:5      | Found a transporter.
  3365 | D:5      | Noticed a wraith
  3370 | D:5      | Reached skill level 5 in Fighting
  3370 | D:5      | Reached skill level 5 in Dodging
  3400 | D:5      | Gained mutation: You are robust. (+10% HP) [potion of
                  | mutation]
  3400 | D:5      | Gained mutation: You are covered in fur. (AC +1) [potion of
                  | mutation]
  3484 | D:6      | Reached XP level 8. HP: 32/50 MP: 9/9
  3597 | D:6      | Noticed a hornet
  3645 | D:6      | Found a hide-covered altar of Uskayaw.
  3654 | D:6      | Found a staircase to the Ecumenical Temple.
  3875 | D:6      | Noticed Edmund
  3878 | D:6      | Killed Edmund
  3945 | D:6      | Paralysed by a hornet for 2 turns
  3949 | D:6      | Killed a hornet
  4264 | D:6      | Found a snail-covered altar of Cheibriados.
  4270 | D:6      | Reached XP level 9. HP: 58/58 MP: 10/10
  4860 | D:6      | Found a stormy altar of Qazlal.
  4866 | D:6      | Found a basalt altar of Yredelemnul.
  4867 | D:6      | Found an iron altar of Okawaru.
  4867 | D:6      | Found a glowing silver altar of Zin.
  5230 | D:7      | Reached **** piety under Hepliaklqana
  5260 | D:7      | Found a huge runed translucent gate.
  5261 | D:7      | Found a huge runed translucent gate.
  5532 | D:7      | Found a huge runed translucent gate.
  5532 | D:7      | Found a huge runed translucent gate.
  5532 | D:7      | Noticed a polar bear
  5532 | D:7      | Noticed a polar bear
  5676 | D:7      | Found a white marble altar of Elyvilon.
  5873 | D:7      | Found a blossoming altar of Fedhas.
  5889 | D:7      | Noticed an oklob plant
  5983 | D:7      | Found a broken altar of Ashenzari.
  6392 | D:8      | Found an ancient bone altar of Kikubaaqudgha.
  6406 | D:8      | Found a radiant altar of Vehumet.
  6412 | D:8      | Got Vehumet's Atlas of Force
  6525 | D:8      | Found a shimmering blue altar of Sif Muna.
  6549 | D:8      | Found a burning altar of Makhleb.
  6618 | D:8      | Reached skill level 7 in Axes
  6668 | D:8      | HP: 1/60 [wight/+4 long sword (7)]
  6967 | D:8      | Reached skill level 8 in Axes
  6967 | D:8      | Reached XP level 10. HP: 50/66 MP: 11/11
  7179 | D:8      | Found a bloodstained altar of Trog.
  7180 | D:8      | Found a sacrificial altar of Ru.
  7198 | D:8      | Reached skill level 9 in Axes
  7925 | D:9      | Found a staircase to the Lair.
  7938 | D:9      | Reached skill level 10 in Axes
  8115 | D:9      | Slain by a kobold brigand

Illustrated notes

Levels and vault maps discovered:
D:1:      kilobyte_arrival_exit_the_forest, layout_loops_ring,
          chequers_arboretum, serial_bayou_pond_c
D:2:      layout_basic, kennysheep_cross_bottleneck
D:3:      layout_rooms, regret_index_temple_of_mockery,
          mainiacjoe_overflow_24_doors, dk_vineyard_2, due_unseen_surprise
D:4:      layout_basic, portal_sewer_entry_e, chequers_serial_rivers_micro_a
D:5:      layout_rooms, mainiacjoe_overflow_tiny_flanked,
          grunt_nemelex_the_gamble, gammafunk_ghost_abyssal_escape,
          minmay_lizard_king
D:6:      layout_loops_corners, kennysheep_mini_moat, amcnicky_altar_gilded,
          minitemple, minmay_temple_entry_glass, uniq_edmund
D:7:      lemuel_bear_cage, layout_gridville, elyvilon_altar_3, tgw_fedhas,
          mainiacjoe_overflow_alcove_1
D:8:      layout_layer_cave, grunt_temple_overflow_magic_moments,
          mainiacjoe_overflow_alcove_4, jmf_multi_god_temple, minmay_bent
D:9:      lemuel_ice_spiral_2, layout_rooms, mainiacjoe_overflow_alcove_2,
          nicolae_wu_jian_immortal_techniques, erik_lair_island,
          nicolae_nh_ransacked_shop, uniq_joseph

Skill      XL: |  1  2  3  4  5  6  7  8  9 10 |
---------------+-------------------------------+-----
Maces & Flails | 4 |  4.2
Axes           | 1 3 4 5 6 8 10 | 10.4
Dodging        | 5 7 9 |  9.0
Fighting       | 5 7 9 |  9.0
Stealth        | |  2.0

Action                     |  1- 3 |  4- 6 |  7- 9 | 10-12 || total
---------------------------+-------+-------+-------+-------++-------
  Melee: Mace              |    24 |       |       |       ||    24
         Kick              |    17 |    16 |    28 |     9 ||    70
         Peck              |     8 |     8 |    14 |    12 ||    42
         War axe           |    44 |    66 |   111 |    38 ||   259
         Punch             |       |       |     2 |       ||     2
  Throw: Boomerang         |       |       |       |     9 ||     9
 Invoke: Ancestor Life: Ba |       |     1 |       |       ||     1
         Recall Ancestor   |       |       |     3 |       ||     3
    Use: Scroll            |       |     4 |     9 |       ||    13
         Potion            |       |       |     3 |     1 ||     4
   Stab: Sleeping          |     6 |     1 |     3 |       ||    10
         Distracted        |       |       |     2 |       ||     2
 Armour: Robe              |    11 |     3 |     8 |       ||    22
         Steam dragon scal |       |       |    12 |     9 ||    21
  Dodge: Dodged            |    64 |    46 |   135 |    66 ||   311

Table legend: (Time is in decaauts)
 A = Elapsed time spent in this place.
 B = Non-inter-level travel time spent in this place.
 C = Inter-level travel time spent in this place.
 D = Time resting spent in this place.
 E = Time spent auto-exploring this place.
 F = Levels seen in this place.
 G = Mean time per level.
                   A        B        C        D        E       F      G
               +--------+--------+--------+--------+--------+-----+--------+
         Total |   7856 |   7522 |    334 |   1616 |   4441 |  10 |  785.6 |
       Dungeon |   7764 |   7430 |    334 |   1616 |   4408 |   9 |  862.7 |
         Sewer |     91 |     91 |      0 |      0 |     33 |   1 |   91.0 |
               +--------+--------+--------+--------+--------+-----+--------+

Top non-repeatable levels by time:
     D:8: 1536 daAuts
     D:6: 1431 daAuts
     D:7: 1267 daAuts
     D:1: 912 daAuts
     D:3: 788 daAuts
     D:2: 650 daAuts
     D:5: 588 daAuts
     D:4: 490 daAuts
     D:9: 101 daAuts
   Sewer: 91 daAuts
